 Dungeon Crawl Stone Soup version 0.29-a0-284-gf9362112df (webtiles) character file.

Game seed: 8416969661779997569

4 n8rtot the Sneak (level 1, 15/15 HPs)
             Began as a Naga Enchanter on Mar 26, 2022.
             Quit the game on level 1 of the Dungeon.
             The game lasted 00:01:08 (447 turns).

n8rtot the Sneak (Naga Enchanter)                    Turns: 447, Time: 00:01:09

Health: 15/15      AC:  1    Str: 10    XL:     1   Next: 70%
Magic:  3/3        EV:  9    Int: 15    God:
Gold:   22         SH:  0    Dex: 11    Spells: 4/4 levels left

rFire   . . .      SeeInvis +   a - +1 dagger
rCold   . . .      Faith    .   (no shield)
rNeg    . . .      Spirit   .   b - +0 robe
rPois   +          Reflect  .   (no helmet)
rElec   .          Harm     .   (no cloak)
rCorr   .          Rampage  .   (no gloves)
Will    .....                   (no barding)
Stlth   +++.......              (no amulet)
HPRegen 0.05/turn               (no ring)
MPRegen 0.08/turn               (no ring)

@: very slow
A: AC +0, large, see invisible, deformed body, poison resistance, slowness 2,
spit poison 1, naga tail 1
a: Spit Poison


You were on level 1 of the Dungeon.
You visited 1 branch of the dungeon, and saw 1 of its levels.

You collected 22 gold pieces.

Inventory:

Hand Weapons
 a - a +1 dagger (weapon)
Missiles
 d - 3 boomerangs
 e - 44 stones
Armour
 b - a +0 robe (worn)
Scrolls
 f - a scroll of identify {unknown}
Potions
 c - 2 potions of invisibility
 g - 2 potions of degeneration {unknown}


   Skills:
 + Level 1.0 Short Blades
 + Level 1.6 Dodging
 + Level 4.6 Stealth
 + Level 2.0 Spellcasting
 + Level 3.1 Hexes


You had 4 spell levels left.
You didn't know any spells.
Your spell library contained the following spells:

 Spells                   Type           Power      Damage    Failure   Level
 Ensorcelled Hibernation  Hex/Ice        12%        N/A       17%         2
 Confusing Touch          Hex            10%        N/A       19%         3
 Tukima's Dance           Hex            10%        N/A       19%         3
 Beastly Appendage        Tmut           2%         N/A       22%         1
 Freeze                   Ice            4%         1d3       22%         1
 Wereblood                Tmut           1%         N/A       32%         2
 Dazzling Flash           Conj/Hex       12%        N/A       34%         3
 Frozen Ramparts          Ice            2%         1d2       54%         3
 Spider Form              Tmut/Pois      1%         N/A       54%         3
 Stone Arrow              Conj/Erth      2%         3d7       54%         3
 Animate Armour           Summ/Erth      2%         N/A       91%         4
 Hailstorm                Conj/Ice       1%         3d3       91%         4
 Lehudib's Crystal Spear  Conj/Erth      0%         10d2      100%        8


Dungeon Overview and Level Annotations

Branches:
Dungeon (1/15)

Altars:


Innate Abilities, Weirdness & Mutations

Your serpentine skin is tough. (AC +0)
You have supernaturally acute eyesight. (SInv)
Armour fits poorly on your strangely shaped body.
Your system is resistant to poisons. (rPois)
You cover ground very slowly.
You can spit poison.
You have a snake-like lower body.


Message History

Found 2 fuming grey potions.
f - a scroll labelled OSSUTU PIRAGHI
There are no items here.
You start resting.
HP restored.
g - 2 fuming grey potions
Found a mace.
You pick up a book of Armaments and begin reading...
You add the spells Stone Arrow, Animate Armour and Lehudib's Crystal Spear to your library.
A goblin comes into view. It is wielding a +0 dagger.
Found 13 gold pieces and 26 stones.
The goblin shouts!
A rat comes into view.
The goblin hits you with a +0 dagger.
You hit the goblin.
The goblin is heavily wounded.
You hit the goblin.
The goblin is almost dead.
The goblin hits you with a +0 dagger.
You hit the goblin.
You kill the goblin!
You see here a +0 dagger.
The rat bites you but does no damage.
You hit the rat.
The rat is severely wounded.
The rat bites you.
You closely miss the rat.
The rat is severely wounded.
The rat bites you.
You hit the rat.
You kill the rat!
You see here a rat corpse.
You now have 22 gold pieces (gained 13).
e - 44 stones (gained 26)
You see here a +0 dagger.
A goblin comes into view.
It is wielding a +1 dagger of holy wrath.
Found a short sword.
The goblin shouts!
Unknown command.
Are you sure you want to abandon this character and quit the game? (Confirm with "yes".)

#...###.# #.##.# #. ##......#
#..#.# ###. #.#....# ##.#.##
#...
...####.########.#..#####.#.
######.......................
#..............#.....#..
#.............##.######.
#..............8.....8..
#......@.......#.....#..
................#..<..#..
.................#.....#..
###..............8.....8..
#...#.........######.##.
#...#g#........#.....#.. ...
#.#######........... .. .)
####........ #........


You could see a goblin.

Vanquished Creatures
  A giant cockroach (D:1)
  2 goblins (D:1)
  A rat (D:1)
4 creatures vanquished.

Notes
Turn   | Place    | Note
-------+----------+-------------------------------------------
     0 | D:1      | n8rtot the Naga Enchanter began the quest for the Orb.
     0 | D:1      | Reached XP level 1. HP: 15/15 MP: 3/3
   447 | D:1      | Quit the game

Illustrated notes

Levels and vault maps discovered:
D:1:      scummos_arrival_simple_crosswalls, layout_rooms, kennysheep_boxes

Action                   || total
-------------------------++-------
Melee: Dagger            ||    13
 Stab: Sleeping          ||     1
Armor: Robe              ||     1
Dodge: Dodged            ||     3

Table legend: (Time is in decaauts)
 A = Elapsed time spent in this place.
 B = Non-inter-level travel time spent in this place.
 C = Inter-level travel time spent in this place.
 D = Time resting spent in this place.
 E = Time spent auto-exploring this place.
 F = Levels seen in this place.
 G = Mean time per level.
                   A        B        C        D        E       F      G
               +--------+--------+--------+--------+--------+-----+--------+
         Total |    519 |    519 |      0 |    102 |    289 |   1 |  519.0 |
       Dungeon |    519 |    519 |      0 |    102 |    289 |   1 |  519.0 |
               +--------+--------+--------+--------+--------+-----+--------+

Top non-repeatable levels by time:
     D:1: 519 daAuts
